 Dungeon Crawl Stone Soup version 0.30.1-11-g7821555f0a (webtiles) character file.

Game seed: 750571906502508656

33 Buffagor the Slasher (level 3, -1/34 HPs)
             Began as a Naga Fighter on Dec 1, 2023.
             Slain by Sigmund
             ... wielding a +4 scythe of freezing
              (10 damage)
             ... on level 2 of the Dungeon.
             The game lasted 00:01:58 (776 turns).

Buffagor the Slasher (Naga Fighter)                  Turns: 776, Time: 00:01:59

Health: -1/34      AC:  4    Str: 20    XL:     3   Next: 29%
Magic:  3/3        EV:  7    Int:  8    God:
Gold:   60         SH:  4    Dex: 10    Spells: 2/2 levels left

rFire   . . .        g - +0 whip (elec)
rCold   . . .        c - +0 buckler
rNeg    . . .        b - +0 scale mail
rPois   +            (no helmet)
rElec   .            (no cloak)
rCorr   .            (no gloves)
SInv    +            (no barding)
Will    .....        (no amulet) Stlth
                     (no ring)
HPRegen 0.25/turn    (no ring)
MPRegen 0.08/turn

%: no passive effects
@: mighty, very slow
A: AC +1, large, see invisible, deformed body, poison resistance, slowness 2,
spit poison 1, naga tail 1
a: Spit Poison


You were on level 2 of the Dungeon.
You visited 1 branch of the dungeon, and saw 2 of its levels.

You collected 60 gold pieces.

Inventory:

Hand Weapons
 a - a +0 long sword
 g - a +0 whip of electrocution (weapon)
Missiles
 l - 8 stones
Armour
 b - a +0 scale mail (worn)
 c - a +0 buckler (worn)
Jewellery
 k - a +6 ring of strength
Scrolls
 j - a scroll of enchant weapon {unknown}
 m - a scroll of teleportation {unknown}
Potions
 e - 2 potions of heal wounds {unknown}
 f - a potion of flight {unknown}
 h - a potion of resistance {unknown}
 i - a potion of degeneration {unknown}


   Skills:
 - Level 3.0 Fighting
 + Level 3.6 Long Blades
 - Level 2.4 Armour
 - Level 2.6 Shields


You had 2 spell levels left.
You didn't know any spells.
Your spell library was empty.

Dungeon Overview and Level Annotations

Branches:
Dungeon (2/15)

Altars:

Annotations:
D:2 Sigmund


Innate Abilities, Weirdness & Mutations

Your serpentine skin is tough. (AC +1)
You have supernaturally acute eyesight. (SInv)
Armour fits poorly on your strangely shaped body.
Your system is resistant to poisons. (rPois)
You cover ground very slowly.
You can spit poison.
You have a snake-like lower body.


Message History

Done exploring.
(D) Dungeon
Where to? (? - help)
There is a stone staircase leading down here.
You climb downwards.
Sigmund shouts!
The endoplasm quivers.
The hobgoblin shouts!
Found a stone staircase leading down.
There is a stone staircase leading up here.
There are monsters nearby!
You feel very mighty all of a sudden. The bat hits you but does no damage.
Sigmund gestures at you while chanting. The magic dart hits you.
You whack the endoplasm!
Lightning courses through the endoplasm!!
You kill the endoplasm!
The bat hits you but does no damage.
You hit the hobgoblin.
The hobgoblin is almost dead.
The bat barely misses you. The bat hits you.
The hobgoblin hits you but does no damage.
Sigmund hits you from afar with a +4 scythe of freezing!
Sigmund freezes you. The bat attacks as you move away!
The bat completely misses you.
A worm comes into view.
The bat barely misses you.
A bat comes into view.
You block the rat's attack. Sigmund casts a spell at you.
You resist with some effort. The bat barely misses you.
The bat moves out of view.
You whack Sigmund!
Sigmund is moderately wounded.
The bat completely misses you. The rat bites you but does no damage.
The hobgoblin hits you.
* * * LOW HITPOINT WARNING * * *
Sigmund hits you with a +4 scythe of freezing!
You die...

#......
#.......#
#.....w.#
#.......#
##.......
# .>. ....
.# ..
#.##..#
#.#g@@.##
#..br...#
#...###..#
.b.....
...#
#.##.###.
#.# # #.
#. # #. .#
. . . #


You could see Sigmund, a worm, a hobgoblin, 2 bats and a rat.

Vanquished Creatures
  A bat (D:1)
  6 endoplasms
  2 giant cockroaches (D:1)
  2 goblins (D:1)
  A hobgoblin (D:1)
  4 jackals (D:1)
  4 kobolds (D:1)
  2 ball pythons (D:1)
  A frilled lizard (D:1)
  5 rats (D:1)
28 creatures vanquished.

Notes
Turn   | Place    | Note
-------+----------+-------------------------------------------
     0 | D:1      | Buffagor the Naga Fighter began the quest for the Orb.
     0 | D:1      | Reached XP level 1. HP: 21/21 MP: 1/1
   112 | D:1      | Reached XP level 2. HP: 25/28 MP: 2/2
   390 | D:1      | Reached XP level 3. HP: 34/34 MP: 3/3
   771 | D:2      | Noticed Sigmund
   776 | D:2      | Slain by Sigmund

Illustrated notes

Levels and vault maps discovered:
D:1:      dpeg_arrival_tiny_i, layout_loops_cross
D:2:      layout_rooms, uniq_crazy_yiuf_cottage, uniq_sigmund

Skill      XL: |  1  2 |
---------------+-------+-----
Long Blades    | 3 |  3.6
Fighting       | |  3.0
Armour         | |  2.4
Shields        | |  2.6

Action                     || total
---------------------------++-------
  Melee: Long sword        ||    15
         Whip              ||    51
Ability: Spit Poison       ||    13
    Use: Potion            ||     1
 Armour: Scale mail        ||    36
  Dodge: Dodged            ||    21
  Block: Buckler           ||    11
